AoeStats
← Unknown

Arena

506307752Analyzed
2v2 RM · 20d ago on Sep 13, 2026· 19m 11s· 4 players
Game mode
Random Map
Map size
Medium (4 player)
Population
200
Speed
Normal
Resources
Standard
Victory
Conquest
Starting age
Dark Age
Ending age
Imperial Age
RankedLock teamsTeams togetherTeam positionsShared explorationLock speedFull tech treeHidden civsTurbo modeCheats
Victory
Defeat
🇦🇷 Bulgarians · Argentina
1107
+19
🇦🇷 Cumans · Argentina
1107
+19
🇦🇷 Cumans · Argentina
1200
-20
🇵🇪 Huns · Peru
1145
-18
Unknown
10:24 Feudal Age
14:12 Castle Age
12:16 Double-Bit Axe
12:13 Horse Collar
15:13 Bow Saw
15:13 Heavy Plow
Tkbez
6:58 Loom
9:19 Feudal Age
9:55 Double-Bit Axe
13:24 Gold Mining
16:09 Fletching
REEE JUEGUITO
2:17 Loom
10:09 Feudal Age
8:25 Loom
14:11 Castle Age
12:47 Fletching
13:46 Town Watch
14:58 Bodkin Arrow
Soldado Erotico Noob
8:10 Loom
10:02 Feudal Age
11:21 Double-Bit Axe
Connection lost

Rejoining the realm…

Still unreachable

The connection could not be restored.

Session expired

The server has moved on; the page needs a fresh start.